 Dungeon Crawl Stone Soup version 0.23-a0-635-g88ca12a7de (webtiles) character file.

241538 AIAndy the Hand of Fortune (level 18, -5/153 HPs)
             Began as a Demonspawn Fighter on Dec 22, 2018.
             Was the Champion of Nemelex Xobeh.
             Killed from afar by a fire giant (55 damage)
             ... with a fireball
             ... on level 1 of the Depths on Dec 27, 2018.
             The game lasted 06:04:24 (46175 turns).

AIAndy the Hand of Fortune (Demonspawn Fighter)    Turns: 46175, Time: 06:04:26

Health: -5/153     AC: 22    Str: 24    XL:     18   Next: 65%
Magic:  41/41      EV: 20    Int: 13    God:    Nemelex Xobeh [******]
Gold:   506        SH: 23    Dex: 21    Spells: 15/37 levels left

rFire    . . .     SeeInvis +   a - +10 short sword of Karma {flame, rC+}
rCold    + . .     Gourm    .   U - +3 shield of Mirth {rN+ Dex+3}
rNeg     + . .     Faith    .   y - +3 ring mail of Xerr {Regen+ MP+9}
rPois    .         Spirit   .   (helmet unavailable)
rElec    .         Reflect  +   Z - +1 cloak
rCorr    .         Harm     .   E - +0 pair of gloves "Maed" {Str+3}
MR       +....                  q - +1 pair of boots {Fly}
Stlth    ++........             e - +5 amulet of reflection
HPRegen  0.75/turn              O - +5 ring of protection
MPRegen  0.27/turn              Y - +4 ring of slaying

@: agile, flying, studying Shields
A: antennae 3, thin metallic scales 1, demonic guardian 3, powered by pain 1,
augmentation 1
}: 2/15 runes: serpentine, barnacled
a: Draw Escape, Draw Destruction, Draw Summoning, Draw Stack, Triple Draw, Deal
Four, Stack Five, Renounce Religion, Stop Flying


You were on level 1 of the Depths.
You worshipped Nemelex Xobeh.
Nemelex Xobeh was exalted by your worship.
You were not hungry.

You visited 7 branches of the dungeon, and saw 34 of its levels.
You also visited: Bailey and Gauntlet.

You collected 3347 gold pieces.
You spent 2841 gold pieces at shops.


Innate Abilities, Weirdness & Mutations

You have a pair of large antennae on your head. (SInv)
You are partially covered in thin metallic scales. (AC +2)
A powerful demonic guardian rushes to your aid.
You sometimes gain a little power by taking damage.
Your magical and physical power is slightly enhanced at high health.


   Skills:
 + Level 16.8 Fighting
 - Level 8.7 Short Blades
 - Level 2.0 Slings
 + Level 5.9 Armour
 + Level 5.0 Dodging
 - Level 15.0 Shields
 + Level 10.1 Spellcasting
 * Level 7.5 Hexes
 * Level 13.1 Summonings
 + Level 18.8 Invocations


You had 15 spell levels left.
You knew the following spells:

 Your Spells              Type           Power        Failure   Level  Hunger
a - Aura of Abjuration    Summ           #####.....   1%          5    #####..
i - Invisibility          Hex            ####....     73%         6    ######.
s - Shadow Creatures      Summ           N/A          11%         6    ######.
v - Summon Mana Viper     Hex/Summ       ####....     6%          5    #####..

Your spell library contained the following spells:

 Spells                   Type           Power        Failure   Level  Hunger
 Confusing Touch          Hex            ####..       1%          1    None
 Summon Small Mammal      Summ           ####         1%          1    None
 Call Imp                 Summ           #####...     1%          2    None
 Call Canine Familiar     Summ           #####...     1%          3    #......
 Summon Guardian Golem    Hex/Summ       ####....     1%          3    #......
 Summon Demon             Summ           #####.....   1%          5    #####..
 Recall                   Summ/Tloc      N/A          3%          3    #......
 Inner Flame              Hex/Fire       ###.....     11%         3    #......
 Summon Ice Beast         Ice/Summ       ###.....     11%         4    ###....
 Summon Lightning Spire   Summ/Air       ###.....     11%         4    ###....
 Animate Skeleton         Necr           N/A          16%         1    None
 Apportation              Tloc           #.....       16%         1    None
 Beastly Appendage        Tmut           #.....       16%         1    None
 Flame Tongue             Conj/Fire      #....        16%         1    None
 Freeze                   Ice            #...         16%         1    None
 Pain                     Necr           #...         16%         1    None
 Sandblast                Erth           #.....       16%         1    None
 Sting                    Conj/Pois      #...         16%         1    None
 Blink                    Tloc           N/A          24%         2    None
 Passwall                 Tmut/Erth      #.......     24%         2    None
 Poisonous Vapours        Pois/Air       #.....       24%         2    None
 Shroud of Golubria       Chrm/Tloc      #.........   24%         2    None
 Sticks to Snakes         Tmut           #.......     24%         2    None
 Sublimation of Blood     Necr           #.........   24%         2    None
 Swiftness                Chrm/Air       #.......     24%         2    None
 Throw Flame              Conj/Fire      #.....       24%         2    None
 Throw Frost              Conj/Ice       #.....       24%         2    None
 Summon Forest            Summ/Tloc      ###.......   30%         5    #####..
 Conjure Flame            Conj/Fire      #.......     43%         3    #......
 Gell's Gravitas          Tloc           #.........   43%         3    #......
 Ignite Poison            Fire/Tmut/Pois #.......     43%         3    #......
 Lesser Beckoning         Tloc           #.........   43%         3    #......
 Mephitic Cloud           Conj/Pois/Air  #.......     43%         3    #......
 Ozocubu's Armour         Chrm/Ice       #.......     43%         3    #......
 Regeneration             Chrm/Necr      #.........   43%         3    #......
 Spider Form              Tmut/Pois      #.........   43%         3    #......
 Stone Arrow              Conj/Erth      #.....       43%         3    #......
 Teleport Other           Tloc           #.......     43%         3    #......
 Vampiric Draining        Necr           #.........   43%         3    #......
 Darkness                 Hex            ####......   73%         6    ######.
 Animate Dead             Necr           N/A          85%         4    ###....
 Force Lance              Conj/Tloc      #.......     85%         4    ###....
 Ice Form                 Ice/Tmut       #.......     85%         4    ###....
 Olgreb's Toxic Radiance  Pois           #.......     85%         4    ###....
 Passage of Golubria      Tloc           N/A          85%         4    ###....
 Petrify                  Tmut/Erth      #.......     85%         4    ###....
 Sticky Flame             Conj/Fire      #.......     85%         4    ###....
 Throw Icicle             Conj/Ice       #.......     85%         4    ###....
 Alistair's Intoxication  Tmut/Pois      #.......     99%         5    #####..
 Blade Hands              Tmut           #.........   99%         5    #####..
 Bolt of Magma            Conj/Fire/Erth #.........   99%         5    #####..
 Borgnjor's Vile Clutch   Necr/Erth      #.........   99%         5    #####..
 Fireball                 Conj/Fire      #.........   99%         5    #####..
 Irradiate                Conj/Tmut      #.........   99%         5    #####..
 Iskenderun's Battlesphe  Conj/Chrm      #.......     99%         5    #####..
 Lee's Rapid Deconstruct  Erth           #.........   99%         5    #####..
 Venom Bolt               Conj/Pois      #.........   99%         5    #####..
 Bolt of Fire             Conj/Fire      #.........   100%        6    ######.
 Death Channel            Necr           #.........   100%        6    ######.
 Iron Shot                Conj/Erth      #.........   100%        6    ######.
 Simulacrum               Ice/Necr       #.........   100%        6    ######.
 Statue Form              Tmut/Erth      #........    100%        6    ######.
 Orb of Destruction       Conj           #.........   100%        7    #######
 Ring of Flames           Chrm/Fire      #.........   100%        7    #######
 Spellforged Servitor     Conj/Summ      ###.......   100%        7    #######
 Ignition                 Fire           #.........   100%        8    #######

Inventory:

Hand Weapons
 a - the +10 short sword of Karma (weapon) {flame, rC+}
   (You found it on level 15 of the Dungeon)

   It has been specially enchanted to burn those struck by it, causing extra
   injury to most foes and up to half again as much damage against particularly
   susceptible opponents.
   It protects you from cold.
 b - a +0 fustibalus of velocity
 w - a +2 demon trident of electrocution
Missiles
 i - 281 sling bullets
 k - 897 stones (quivered)
 J - 22 javelins of returning
Armour
 q - a +1 pair of boots of flying (worn)
 y - the +3 ring mail of Xerr (worn) {Regen+ MP+9}
   (You found it on level 2 of the Lair of Beasts)

   It affects your magic capacity (+9).
   It increases your rate of regeneration.
 E - the +0 pair of gloves "Maed" (worn) {Str+3}
   (You found it on level 4 of the Snake Pit)

   It affects your strength (+3).
 U - the +3 shield of Mirth (worn) {rN+ Dex+3}
   (You found it in a Gauntlet)

   It affects your dexterity (+3).
   It protects you from negative energy.
 X - a +0 large shield
 Z - a +1 cloak (worn)
Jewellery
 c - the amulet of Ginta {+Rage rPois Dex+6}
   (You found it on level 2 of the Lair of Beasts)

   [amulet of rage]

   It affects your dexterity (+6).
   It protects you from poison.
   It lets you go berserk.
 e - a +5 amulet of reflection (around neck)
 g - the macabre finger necklace {rN+}
   (You took it off a big kobold on level 11 of the Dungeon)

   [amulet of nothing]

   It protects you from negative energy.
 C - the ring "Hytuhog" {rF+ rN+ MR+}
   (You bought it in a shop on level 1 of the Depths)

   [ring of positive energy]

   It protects you from fire.
   It protects you from negative energy.
   It affects your resistance to hostile enchantments.
 O - a +5 ring of protection (left hand)
 R - an uncursed ring of resist corrosion
 Y - a +4 ring of slaying (right hand)
Wands
 j - a wand of acid (33)
 n - a wand of digging (14)
 u - a wand of clouds (4)
 D - a wand of iceblast (41)
 S - a wand of flame (43)
 W - a wand of paralysis (30)
Scrolls
 d - 9 scrolls of fog
 p - 13 scrolls of teleportation {@r4}
 r - 6 scrolls of magic mapping
 s - 4 scrolls of vulnerability {!r}
 v - 14 scrolls of remove curse {@r2}
 x - 6 scrolls of fear
 A - 5 scrolls of enchant weapon
 B - 2 scrolls of enchant armour
 I - 5 scrolls of identify {@r1}
 T - 10 scrolls of amnesia
Potions
 h - 2 potions of heal wounds {@q2}
 l - a potion of magic
 m - 13 potions of curing {@q1}
 o - 2 potions of invisibility
 t - a potion of ambrosia
 z - 9 potions of mutation {!q}
 K - 8 potions of agility
 N - 3 potions of cancellation
 P - 3 potions of berserk rage {!q}
 Q - 2 potions of haste {@q3}
 V - a potion of might
Books
 F - a manual of Shields {!d}
Miscellaneous
 G - a box of beasts
Comestibles
 f - 45 rations {@e1}
 H - 4 chunks of flesh

Dungeon Overview and Level Annotations

Branches:
Dungeon (15/15)            Temple (1/1) D:6            Lair (6/6) D:8
 Shoals (4/4) Lair:2        Snake (4/4) Lair:2        Slime (0/5) Lair:5
    Orc (2/2) D:11            Elf (0/3) Orc:2        Vaults (0/5) D:13
 Depths (2/5) D:15

Altars:
Ashenzari
Cheibriados
Dithmenos
Elyvilon
Fedhas
Gozag
Hepliaklqana
Kikubaaqudgha
Makhleb
Nemelex Xobeh
Okawaru
Qazlal
Ru
Sif Muna
Trog
Uskayaw
Vehumet
Wu Jian
Xom
Yredelemnul
Zin
The Shining One
Beogh

Shops:
D:5 ?   D:6 *   D:8 :   Orc:2 !?=}   Shoals:1 [   Snake:2 *   Depths:1 =[

Portals:
Hell: Depths:1
Abyss: Depths:1
Trove: Depths:1 (give +4 shadow dragon scales)

Annotations:
Shoals:2 2 transporters, Skallagrim's ghost, journeyman FeSu
Snake:2 3 runed doors, exclusion: obsidian statue, elgeorgio's ghost, journeyman MiBe
Snake:3 1 runed door, Vutif's ghost, adept FoFi

.....................░░ ░░...#...
.........(.(.........░ ░..###..
..........(..........░░ ░░...#...
...........(..........░░░........
............D...........(........
.Q..(...................
.........(..............
......C.................
.......@................
......░░░............... .....
░░...........).. ...(
░...........).. .((
░░.............. ▒▒
▒.....#.........
♣♣♣♣♣♣♣♣♣♣♣▒....###.....░..
♣.........♣▒.....#.....░░░.
♣.≈≈≈≈≈≈≈.♣▒............░..


You could see a fire giant (burning), an ice dragon and a tengu warrior.


Message History

The fire giant gestures at you while chanting.
The fireball explodes!
The fireball engulfs you!
* * * LOW HITPOINT WARNING * * *
You feel much better.
You are too injured to fight recklessly!
Firing (i - inventory. (/) - cycle)
k - 898 stones (quivered)
Press: ? - help, Shift-Dir - straight line, f/p - fire giant
Aim: a fire giant, wielding a +2 great sword of flaming (severely wounded, You shoot a stone.
The stone barely misses the fire giant.
An ice dragon comes into view.
The fire giant barely misses you.
The +10 short sword of Karma {flame, rC+} bursts into flame!
a - the +10 short sword of Karma (weapon)
{flame, rC+} You hit the fire giant.
The fire giant is almost dead.
The fire giant burns!
A tengu warrior comes into view. It is wielding a +0 war axe.
You puncture the fire giant!
The fire giant is almost dead.
You block the fire giant's attack.
You hit the fire giant.
The fire giant is almost dead.
The fire giant burns!
You hit the fire giant but do no damage.
The fire giant is almost dead.
The fire giant burns!
The fire giant gestures at you while chanting.
The fireball explodes!
The fireball engulfs you!
You die...
Your body glows with a rainbow of weird colours and disappears.

Skill      XL: |  1  2  3  4  5  6  7  8  9 10 11 12 13 14 15 16 17 18 |
---------------+-------------------------------------------------------+-----
Short Blades   | 2 3 4 5 6 7 8 |  8.7
Shields        | 3 4 5 6 7 9 10 13 14 15 | 15.0
Fighting       | 4 5 6 8 9 11 12 13 14 15 16 | 16.8
Invocations    | 6 9 12 14 15 16 17 18 | 18.8
Spellcasting   | 3 6 7 8 9 10 | 10.1
Summonings     | 3 6 9 11 12 13 | 13.1
Slings         | 2 |  2.0
Hexes          | 2 4 5 7 |  7.5
Armour         | 3 5 |  5.9
Dodging        | 1 3 5 |  5.0

Action                   |  1- 3 |  4- 6 |  7- 9 | 10-12 | 13-15 | 16-18 || total
-------------------------+-------+-------+-------+-------+-------+-------++-------
Melee: Rapier            |    91 |   285 |   550 |   388 |       |       ||  1314
       Dagger            |       |       |       |   364 |  1663 |   983 ||  3010
       Short sword       |       |       |       |       |       |   559 ||   559
 Fire: Hunting sling     |       |    14 |   193 |   424 |    73 |       ||   704
       Fustibalus        |       |       |       |       |   713 |   764 ||  1477
 Cast: Aura of Abjuratio |       |       |       |       |       |     4 ||     4
       Summon Mana Viper |       |       |       |       |       |     4 ||     4
Invok: Stack Five        |       |       |       |       |     1 |       ||     1
 Abil: Draw Destruction  |       |       |     3 |     2 |    27 |    23 ||    55
       Draw Escape       |       |       |     1 |       |    11 |    11 ||    23
       Draw Summoning    |       |       |       |     6 |    30 |    23 ||    59
       Evoke Berserk Rag |       |       |       |       |     1 |       ||     1
       Draw Stack        |       |       |       |       |       |     2 ||     2
Evoke: Wand              |       |       |     2 |       |     1 |       ||     3
  Use: Scroll            |     5 |     3 |     5 |    10 |    12 |    13 ||    48
       Potion            |     1 |     1 |       |     2 |     2 |     4 ||    10
 Stab: Paralysed         |       |       |     3 |       |       |     1 ||     4
       Distracted        |       |       |     1 |     1 |     5 |     6 ||    13
       Confused          |       |       |       |       |       |     1 ||     1
       Petrifying        |       |       |       |       |       |     1 ||     1
       Petrified         |       |       |       |       |       |     1 ||     1
       Sleeping          |       |       |       |       |       |     1 ||     1
  Eat: Chunk             |     1 |     8 |    13 |    26 |    33 |    27 ||   108
       Ration            |       |       |     2 |       |     5 |     6 ||    13
Armor: Scale mail        |    27 |    85 |       |       |       |       ||   112
       Ring mail         |       |    17 |       |       |   354 |   338 ||   709
       Chain mail        |       |     2 |   252 |   292 |       |       ||   546
Dodge: Dodged            |    18 |    48 |    78 |   111 |   365 |   366 ||   986
Block: Shield            |    49 |   212 |   474 |   625 |  1317 |  1185 ||  3862
       Reflection        |       |     2 |     5 |    34 |       |    25 ||    66

Vault maps used:
D:1:      kb_arrival_jail, minmay_pentomino_o2
D:2:      fedhas_altar_3, nicolae_qazlal_general_emergency, uniq_natasha
D:4:      gammafunk_ghost_stat_death, st_stairs_2, kennysheep_decorative_pillar,
          minivault_25
D:5:      first_ration, serial_shops, nicolae_shop_trees,
          grunt_dithmenos_shadows
D:6:      lemuel_round_altar, minmay_temple_entry_large_hall, serial_shops, shop
D:7:      cheibrodos_quashed, nicolae_ru_path_of_blood
D:8:      grunt_temple_overflow_diamond, lair_entry_dummy, serial_shops,
          kennysheep_mini_moat, hangedman_decor_riveting, grunt_pizzeria
D:9:      lemuel_doored_altar, trog_wizard, uniq_psyche
D:10:     enter_bailey_3, hangedman_decor_push
D:11:     kennysheep_orc_monster_closet_entryway, uniq_nergalle, uniq_josephine
D:13:     skrybe_vaults_entry_preservation, basic_altar, minmay_quadrilaterals,
          uniq_erolcha
D:14:     grunt_decor_arrowhead, stair_cage_cross, grunt_ministairs_10
D:15:     grunt_enter_depths_snipers, serial_co_window_serial,
          co_window_paths_b, co_window_corner_a, co_window_of_opportunity_a,
          co_window_paths_a, co_window_paths_a, co_window_corner_b,
          co_window_of_opportunity_b, co_window_corner_b, co_window_corner_b,
          co_window_of_opportunity_c, co_window_paths_c, co_window_paths_d,
          glass_columns_b, glass_columns_a, glass_columns_b, glass_columns_c,
          glass_columns_a, grunt_ministairs_14, uniq_roxanne
Temple:   regret_index_temple_generic_petals
Lair:1:   minmay_stone_trees_medium, kennysheep_snail_temple
Lair:2:   regret_index_combs_of_tragedy, minmay_shoals_entry_hut,
          guppyfry_snake_entry_island, ebering_ghost_xom
Lair:3:   grunt_forest_small_clearing_treed, grunt_megastairs_5, uniq_gastronok
Lair:4:   gauntlet_entry_generic, lemuel_fruit_tree
Lair:5:   nicolae_slime_entry_slimehenge, uniq_sonja
Lair:6:   minmay_lair_end_frog_pond, serial_bayou_lagoon_a, uniq_nessos
Shoals:1: serial_shops, nicolae_shop_statue_plus, st_shoals_ruin, uniq_frances
Shoals:2: gammafunk_ghost_arena
Shoals:3: hangedman_feature_mirror, nicolae_shoals_stone_sculpture_thing,
          uniq_louise
Shoals:4: shoals_end_grunt_ice
Snake:1:  uniq_rupert
Snake:2:  minmay_snake_river, ebering_ghost_gozag, nicolae_snake_shapes,
          uniq_vashnia
Snake:3:  ebering_ghost_xom
Snake:4:  johnstein_snake_rune_scales, serial_bayou_pond_c, spider_trap
Orc:2:    pubby_orc_utopia
Depths:1: kennysheep_small_spiral, grunt_hell_entry_dis_mu,
          nicolae_trove_entry_crystal, abyss_entry, kennysheep_generic_room_8,
          minmay_shoptagon
Depths:2: minmay_inside_and_out, enter_ziggurat_b, hell_entry,
          serial_bayou_shore_a, serial_bayou_pond_d, due_unseen_surprise
Bailey:   bailey_polearm_flooded_kennysheep, bailey
Gauntlet: gammafunk_gauntlet_hard_choice

Notes
Turn   | Place    | Note
-------+----------+-------------------------------------------
     0 | D:1      | AIAndy the Demonspawn Fighter began the quest for the Orb.
     0 | D:1      | Reached XP level 1. HP: 18/18 MP: 1/1
     2 | D:1      | Noticed a human
     2 | D:1      | Noticed a naga
     4 | D:1      | Noticed a formicid
     6 | D:1      | Noticed a vine stalker
     6 | D:1      | Noticed a demonspawn
    10 | D:1      | Noticed a gargoyle
    12 | D:1      | Noticed a dwarf
    12 | D:1      | Noticed a troll
    14 | D:1      | Noticed a centaur
    14 | D:1      | Noticed a halfling
    16 | D:1      | Noticed a minotaur
    16 | D:1      | Noticed a felid
    18 | D:1      | Noticed a draconian
    18 | D:1      | Noticed a merfolk
    20 | D:1      | Noticed a tengu
    20 | D:1      | Noticed a vampire
    22 | D:1      | Noticed an ogre
    22 | D:1      | Noticed a ghoul
    24 | D:1      | Noticed an octopode
    24 | D:1      | Noticed a demigod
    26 | D:1      | Noticed a spriggan
    26 | D:1      | Noticed an elf
   193 | D:1      | Reached skill level 2 in Short Blades
   300 | D:1      | Gained mutation: You are partially covered in thin metallic
                  | scales. (AC +2) [demonic ancestry]
   300 | D:1      | Reached XP level 2. HP: 23/24 MP: 2/2
   436 | D:1      | Reached skill level 3 in Shields
   953 | D:2      | Noticed Natasha
   961 | D:2      | Noticed a crimson imp
   963 | D:2      | HP: 2/24 [Natasha (4)]
   965 | D:2      | Killed Natasha
   965 | D:2      | Reached XP level 3. HP: 3/29 MP: 3/3
  1368 | D:2      | Noticed Natasha
  1394 | D:2      | Reached XP level 4. HP: 37/37 MP: 4/4
  1410 | D:2      | Killed Natasha
  1497 | D:2      | Found a blossoming altar of Fedhas.
  1800 | D:2      | Noticed Natasha
  1806 | D:2      | Killed Natasha
  1806 | D:2      | Reached skill level 4 in Fighting
  1806 | D:2      | Reached skill level 3 in Short Blades
  1904 | D:2      | Found a stormy altar of Qazlal.
  2008 | D:3      | Reached XP level 5. HP: 42/42 MP: 5/5
  2435 | D:3      | Reached skill level 4 in Shields
  2999 | D:4      | Gained mutation: A weak demonic guardian rushes to your
                  | aid. [demonic ancestry]
  2999 | D:4      | Reached XP level 6. HP: 43/50 MP: 6/6
  3101 | D:4      | Reached skill level 5 in Fighting
  3153 | D:4      | Noticed Zazzi's ghost (amateur GrEE)
  3160 | D:4      | Found a transporter.
  3281 | D:4      | Found a transporter.
  3651 | D:5      | Entered Level 5 of the Dungeon
  3651 | D:5      | Noticed an ice beast
  3662 | D:5      | Killed an ice beast
  3662 | D:5      | Reached skill level 5 in Shields
  3662 | D:5      | Gained mutation: You have a pair of small antennae on your
                  | head. [demonic ancestry]
  3662 | D:5      | Reached XP level 7. HP: 57/57 MP: 7/7
  3807 | D:5      | Reached skill level 6 in Fighting
  3917 | D:5      | Found a shadowy altar of Dithmenos.
  3993 | D:5      | Found Niudisuc's Magic Scroll Boutique.
  4016 | D:5      | Bought a scroll of identify for 26 gold pieces
  4016 | D:5      | Bought a scroll of fear for 45 gold pieces
  4016 | D:5      | Bought a scroll of fog for 26 gold pieces
  4070 | D:5      | Reached skill level 6 in Shields
  4474 | D:5      | You fall through a shaft for 2 floors!
  4658 | D:7      | Gained mutation: You have a pair of antennae on your head.
                  | [demonic ancestry]
  4658 | D:7      | Reached XP level 8. HP: 65/65 MP: 8/8
  4712 | D:7      | Reached skill level 7 in Fighting
  5285 | D:7      | Found a sacrificial altar of Ru.
  5438 | D:6      | Found Ytium's Assorted Antiques.
  5443 | D:6      | Bought a scroll of identify for 36 gold pieces
  5443 | D:6      | Bought a scroll labeled AGUAHUFUCS for 18 gold pieces
  5443 | D:6      | Bought a scroll of identify for 36 gold pieces
  5923 | D:6      | Reached skill level 7 in Shields
  6331 | D:6      | Reached skill level 8 in Fighting
  6514 | D:6      | Found a staircase to the Ecumenical Temple.
  6565 | Temple   | Entered the Ecumenical Temple
  6634 | Temple   | Became a worshipper of Nemelex Xobeh the Trickster
  7110 | D:6      | Gained mutation: A demonic guardian rushes to your aid.
                  | [demonic ancestry]
  7110 | D:6      | Reached XP level 9. HP: 25/75 MP: 9/9
  7453 | D:6      | Found a deep blue altar of Sif Muna.
  7463 | D:6      | Reached skill level 8 in Shields
  7465 | D:6      | Received a gift from Nemelex Xobeh
  7717 | D:6      | Reached skill level 1 in Invocations
  8155 | D:8      | Reached * piety under Nemelex Xobeh
  8155 | D:8      | Received a gift from Nemelex Xobeh
  8227 | D:8      | Reached skill level 9 in Fighting
  8227 | D:8      | Reached skill level 2 in Invocations
  8328 | D:8      | Reached skill level 3 in Invocations
  8656 | D:8      | Found a staircase to the Lair.
  8703 | D:8      | Noticed a two-headed ogre
  8706 | D:8      | You fall through a shaft for 3 floors!
  8706 | D:11     | Noticed a komodo dragon
  8944 | D:11     | Noticed a purple ugly thing
  8956 | D:11     | Killed a purple ugly thing
  8956 | D:11     | Reached skill level 4 in Invocations
  9132 | D:10     | Entered Level 10 of the Dungeon
  9178 | D:10     | Reached skill level 5 in Invocations
  9448 | D:10     | Noticed a two-headed ogre
  9481 | D:10     | Killed a two-headed ogre
  9481 | D:10     | Reached skill level 9 in Shields
  9553 | D:10     | Reached skill level 6 in Invocations
  9553 | D:10     | Reached XP level 10. HP: 49/85 MP: 14/14
  9553 | D:10     | Reached skill level 10 in Fighting
  9596 | D:10     | Found a flagged portal.
  9601 | Bailey   | Entered a bailey
 10455 | Bailey   | Reached skill level 7 in Invocations
 10563 | Bailey   | Identified the -1 hand axe of Dim Light {chop, Dex+4}
 11518 | D:10     | Reached skill level 8 in Invocations
 11604 | D:10     | Reached skill level 10 in Shields
 12129 | D:10     | Noticed a six-headed hydra
 12136 | D:10     | Killed a six-headed hydra
 12164 | D:10     | Noticed a gargoyle
 12179 | D:10     | Killed a gargoyle
 12570 | D:10     | Reached skill level 11 in Fighting
 12570 | D:10     | Reached skill level 9 in Invocations
 12724 | D:10     | Received a gift from Nemelex Xobeh
 12854 | D:10     | Identified a potion of experience
 13004 | D:11     | Noticed Josephine
 13019 | D:11     | Killed Josephine
 13019 | D:11     | Reached XP level 11. HP: 66/93 MP: 17/17
 13181 | D:11     | Reached skill level 12 in Fighting
 13181 | D:11     | Reached skill level 12 in Invocations
 13181 | D:11     | Gained mutation: Your magical and physical power is
                  | slightly enhanced at high health. [demonic ancestry]
 13181 | D:11     | Reached XP level 12. HP: 103/103 MP: 17/21
 13413 | D:11     | Found a staircase to the Orcish Mines.
 13414 | D:11     | Reached skill level 11 in Shields
 13473 | D:11     | Noticed Nergalle
 13486 | D:11     | Killed Nergalle
 13967 | D:9      | Found a bloodstained altar of Trog.
 14202 | D:9      | Noticed a two-headed ogre
 14206 | D:9      | Killed a two-headed ogre
 14206 | D:9      | Reached skill level 13 in Fighting
 14215 | D:9      | You fall through a shaft for 2 floors!
 14323 | D:9      | Reached ** piety under Nemelex Xobeh
 14447 | D:9      | Received a gift from Nemelex Xobeh
 14500 | D:9      | Found a bloodstained altar of Trog.
 14596 | D:9      | Noticed Psyche
 14604 | D:9      | Killed Psyche
 14604 | D:9      | Reached skill level 13 in Invocations
 14979 | D:8      | Killed a two-headed ogre
 15129 | D:8      | Reached skill level 12 in Shields
 15327 | D:8      | Found an ornate altar of the Wu Jian Council.
 15330 | D:8      | Found a shimmering altar of Xom.
 15333 | D:8      | Found an opulent altar of Gozag.
 15536 | D:8      | Found Zyiga's Book Emporium.
 15687 | Lair:1   | Entered Level 1 of the Lair of Beasts
 15988 | Lair:1   | Found a snail-covered altar of Cheibriados.
 16110 | Lair:1   | Reached *** piety under Nemelex Xobeh
 16456 | Lair:1   | Received a gift from Nemelex Xobeh
 17213 | Lair:2   | Reached skill level 13 in Shields
 17249 | Lair:2   | Got a fine short sword
 17250 | Lair:2   | Identified the cursed +0 short sword of Oozing Pus {drain,
                  | +Blink Str+4} (You found it on level 2 of the Lair of
                  | Beasts)
 17255 | Lair:2   | Got a fine ivory amulet
 17264 | Lair:2   | Identified the amulet of Ginta {+Rage rPois Dex+6} (You
                  | found it on level 2 of the Lair of Beasts)
 17291 | Lair:2   | Reached skill level 14 in Invocations
 17349 | Lair:2   | Gained mutation: You have a pair of large antennae on your
                  | head. (SInv) [demonic ancestry]
 17349 | Lair:2   | Reached XP level 13. HP: 63/112 MP: 23/23
 17793 | Lair:2   | Got a brightly glowing ring mail
 17794 | Lair:2   | Identified the +3 ring mail of Xerr {Regen+ MP+9} (You
                  | found it on level 2 of the Lair of Beasts)
 17895 | Lair:2   | Found a staircase to the Snake Pit.
 18066 | Lair:2   | Received a gift from Nemelex Xobeh
 18353 | Lair:2   | Found a runed door.
 18354 | Lair:2   | Found a shimmering altar of Xom.
 18354 | Lair:2   | Noticed tamionv's ghost (journeyman GrFi)
 18375 | Lair:2   | Found a staircase to the Shoals.
 18761 | Lair:2   | Upgraded the game from 0.23-a0-619-g281719c6f9 to
                  | 0.23-a0-622-g59b4ea9c50
 18781 | Lair:3   | Learned a level 5 spell: Summon Mana Viper
 18806 | Lair:3   | Reached skill level 14 in Fighting
 18831 | Lair:3   | Reached **** piety under Nemelex Xobeh
 18903 | Lair:2   | Reached skill level 1 in Spellcasting
 18903 | Lair:2   | Reached skill level 1 in Summonings
 19099 | Lair:3   | Received a gift from Nemelex Xobeh
 19272 | Lair:3   | Received a gift from Nemelex Xobeh
 19276 | Lair:3   | Noticed Gastronok
 19284 | Lair:3   | Killed Gastronok
 19554 | Lair:3   | Received a gift from Nemelex Xobeh
 19578 | Lair:3   | Reached skill level 1 in Slings
 19994 | Lair:4   | Reached skill level 2 in Summonings
 20031 | Lair:4   | Reached ***** piety under Nemelex Xobeh
 20149 | Lair:4   | Received a gift from Nemelex Xobeh
 20151 | Lair:4   | Found a gate leading to a gauntlet.
 20180 | Gauntlet | Entered a Gauntlet
 20180 | Gauntlet | Found a transporter.
 20180 | Gauntlet | Found a transporter.
 20184 | Gauntlet | Found a transporter.
 20188 | Gauntlet | Found a transporter.
 20193 | Gauntlet | Found a transporter.
 20193 | Gauntlet | Found a transporter.
 20193 | Gauntlet | Noticed a death ooze
 20209 | Gauntlet | Found a transporter.
 20211 | Gauntlet | Found a transporter.
 20223 | Gauntlet | Found a transporter.
 20322 | Gauntlet | Noticed a death ooze
 20323 | Gauntlet | Found a transporter.
 20327 | Gauntlet | Found a transporter.
 20336 | Gauntlet | Noticed an entropy weaver
 20337 | Gauntlet | Found a transporter.
 20452 | Gauntlet | Identified the +2 executioner's axe of Crawling {holy,
                  | Dex+3}
 20453 | Gauntlet | Killed a death ooze
 20485 | Gauntlet | Reached skill level 2 in Spellcasting
 20623 | Gauntlet | Noticed a minotaur
 20637 | Gauntlet | Killed a minotaur
 20649 | Gauntlet | Got a brightly glowing triple sword
 20649 | Gauntlet | Got a translucent shield
 20689 | Gauntlet | Identified the +5 triple sword of the Lurker {slice,
                  | *Corrode rElec rN+ Int+5} (You found it in a Gauntlet)
 20700 | Gauntlet | Identified the +3 shield of Mirth {rN+ Dex+3} (You found it
                  | in a Gauntlet)
 21128 | Lair:4   | Reached skill level 4 in Short Blades
 21217 | Lair:4   | Received a gift from Nemelex Xobeh
 21616 | Lair:5   | Reached skill level 2 in Slings
 21708 | Lair:5   | Noticed Sonja
 21709 | Lair:5   | Identified the -1 quarterstaff "Yrhiedgh" {freeze, rN+}
 21722 | Lair:5   | Killed Sonja
 21722 | Lair:5   | Reached skill level 14 in Shields
 21722 | Lair:5   | Reached skill level 3 in Summonings
 21743 | Lair:5   | Found a staircase to the Slime Pits.
 21750 | Lair:5   | Received a gift from Nemelex Xobeh
 21978 | Lair:5   | Reached skill level 3 in Spellcasting
 22354 | Lair:6   | Entered Level 6 of the Lair of Beasts
 22468 | Lair:6   | Reached skill level 15 in Invocations
 22726 | Lair:6   | Gained mutation: A powerful demonic guardian rushes to your
                  | aid. [demonic ancestry]
 22726 | Lair:6   | Reached XP level 14. HP: 95/121 MP: 25/25
 22877 | Lair:6   | Reached skill level 5 in Short Blades
 23003 | Lair:6   | Reached skill level 4 in Summonings
 23299 | Lair:6   | Noticed Nessos
 23420 | Lair:5   | Upgraded the game from 0.23-a0-622-g59b4ea9c50 to
                  | 0.23-a0-629-gae4348f6cf
 23476 | Lair:6   | Reached skill level 4 in Spellcasting
 23690 | Lair:6   | Reached skill level 5 in Summonings
 23699 | Lair:6   | Received a gift from Nemelex Xobeh
 23757 | Lair:6   | Identified the Almanac of Dislocated Calling
 23819 | Lair:6   | Killed Nessos
 24825 | Orc:1    | Entered Level 1 of the Orcish Mines
 24995 | Orc:1    | Reached skill level 5 in Spellcasting
 25100 | Orc:1    | Identified the +0 hand axe of the Moon {chop, *Rage rC-
                  | Int+5 Dex+3}
 25144 | Orc:1    | Received a gift from Nemelex Xobeh
 25302 | Orc:2    | Entered Level 2 of the Orcish Mines
 25432 | Orc:2    | Found Zuunuf's Jewellery Shop.
 25566 | Orc:2    | Found Lyadefer's Gadget Boutique.
 25594 | Orc:2    | Reached skill level 15 in Shields
 25662 | Orc:2    | Found a roughly hewn altar of Beogh.
 26143 | Orc:2    | Reached skill level 6 in Summonings
 26175 | Orc:2    | Reached skill level 15 in Fighting
 26346 | Orc:2    | Reached skill level 16 in Invocations
 26761 | Orc:2    | Received a gift from Nemelex Xobeh
 26774 | Orc:2    | Noticed Saint Roka
 26798 | Orc:2    | Killed Saint Roka
 27047 | Orc:2    | Reached skill level 6 in Spellcasting
 27247 | Orc:2    | Found Kiarph Cenee's Magic Scroll Boutique.
 27272 | Orc:2    | Found a roughly hewn altar of Beogh.
 27354 | Orc:2    | Reached XP level 15. HP: 109/129 MP: 27/27
 27475 | Orc:2    | Found Hirrosmi's Distillery.
 27772 | Orc:2    | Bought a +5 ring of protection for 770 gold pieces
 27772 | Orc:2    | Bought a +4 ring of slaying for 1092 gold pieces
 27890 | Orc:2    | Found a staircase to the Elven Halls.
 28246 | Snake:1  | Entered Level 1 of the Snake Pit
 28281 | Snake:1  | Identified the -2 quarterstaff of Vyqe {crush, Int+4 Dex+4}
 28283 | Snake:1  | Reached skill level 7 in Summonings
 28334 | Snake:1  | Noticed Rupert
 28348 | Snake:1  | Killed Rupert
 28349 | Snake:1  | Reached skill level 1 in Hexes
 29032 | Snake:1  | Received a gift from Nemelex Xobeh
 29040 | Snake:1  | Reached ****** piety under Nemelex Xobeh
 29051 | Snake:1  | Reached skill level 2 in Hexes
 29521 | Snake:2  | Reached skill level 7 in Spellcasting
 30015 | Snake:2  | Reached skill level 8 in Summonings
 30040 | Snake:2  | Reached skill level 6 in Short Blades
 30224 | Snake:2  | HP: 4/129 [salamander/+0 halberd (14)]
 30228 | Snake:2  | Received a gift from Nemelex Xobeh
 30387 | Snake:2  | Reached skill level 17 in Invocations
 30515 | Snake:2  | Noticed a nagaraja
 30522 | Snake:2  | Killed a nagaraja
 30541 | Snake:2  | Noticed Vashnia
 30556 | Snake:2  | Noticed Vashnia
 30556 | Snake:2  | Vashnia changed into Vashnia the dire elephant
 30563 | Snake:2  | Killed Vashnia the dire elephant
 30949 | Snake:2  | Found a runed gate.
 30955 | Snake:2  | Found a runed gate.
 30955 | Snake:2  | Found a runed gate.
 30956 | Snake:2  | Found an opulent altar of Gozag.
 30958 | Snake:2  | Found Estim's Assorted Antiques.
 30958 | Snake:2  | Noticed elgeorgio's ghost (journeyman MiBe)
 30977 | Snake:2  | Received a gift from Nemelex Xobeh
 31623 | Snake:3  | Reached skill level 9 in Summonings
 31947 | Snake:3  | Gained mutation: You sometimes gain a little power by
                  | taking damage. [demonic ancestry]
 31947 | Snake:3  | Reached XP level 16. HP: 101/138 MP: 28/28
 32048 | Snake:3  | Received a gift from Nemelex Xobeh
 32451 | Snake:3  | Found a runed door.
 32451 | Snake:3  | Found a shimmering altar of Xom.
 32451 | Snake:3  | Noticed Vutif's ghost (adept FoFi)
 32451 | Snake:3  | Identified the +7 dire flail of Fortitude {chaos, rF++}
 32818 | Snake:4  | Entered Level 4 of the Snake Pit
 32906 | Snake:4  | Reached skill level 8 in Spellcasting
 32918 | Snake:4  | Received a gift from Nemelex Xobeh
 33169 | Snake:4  | Reached skill level 7 in Short Blades
 33301 | Snake:4  | Identified the -1 quarterstaff "Hoatruh" {elec, Stlth+}
 33313 | Snake:4  | Identified the -2 hand axe of Due Proportion {speed, MR+
                  | Str+4 Int-5 Stlth+}
 33328 | Snake:4  | Reached skill level 16 in Fighting
 33328 | Snake:4  | Reached skill level 10 in Summonings
 33641 | Snake:4  | HP: 11/138 [naga warrior/+0 war axe (16)]
 33923 | Snake:4  | HP: 8/138 [salamander mystic/+1 dagger of holy wrath (17)]
 34280 | Snake:4  | Reached skill level 3 in Hexes
 34856 | Snake:4  | Got a serpentine rune of Zot
 35029 | Snake:4  | Identified the cursed +0 pair of gloves "Maed" {Str+3} (You
                  | found it on level 4 of the Snake Pit)
 35606 | D:4      | Killed Zazzi's ghost
 36008 | D:12     | Received a gift from Nemelex Xobeh
 36440 | D:12     | Received a gift from Nemelex Xobeh
 36527 | D:12     | Received a gift from Nemelex Xobeh
 36695 | D:13     | Found an iron altar of Okawaru.
 36740 | D:13     | Reached skill level 3 in Armour
 36740 | D:13     | Reached skill level 1 in Dodging
 36815 | D:13     | Reached skill level 11 in Summonings
 36886 | D:13     | Noticed Erolcha
 36902 | D:13     | Killed Erolcha
 36921 | D:13     | Reached skill level 4 in Hexes
 36928 | D:13     | Learned a level 5 spell: Aura of Abjuration
 36975 | D:13     | Identified the +5 ring mail "Acoich" {Dex+4} (You found it
                  | on level 13 of the Dungeon)
 36984 | D:13     | Received a gift from Nemelex Xobeh
 37132 | D:13     | Reached XP level 17. HP: 143/144 MP: 29/29
 37269 | D:13     | Found a gate to the Vaults.
 37297 | D:13     | Reached skill level 9 in Spellcasting
 37729 | D:14     | Received a gift from Nemelex Xobeh
 37729 | D:14     | Received a gift from Nemelex Xobeh
 37831 | D:14     | Reached skill level 8 in Short Blades
 37877 | D:14     | Reached skill level 18 in Invocations
 38105 | D:14     | Reached skill level 2 in Dodging
 38577 | D:15     | Entered Level 15 of the Dungeon
 38593 | D:15     | Received a gift from Nemelex Xobeh
 38781 | D:15     | Reached skill level 4 in Armour
 38964 | D:15     | Identified Roxanne's Disquisition on the Rocks
 38964 | D:15     | Noticed Roxanne
 38993 | D:15     | Killed Roxanne
 39290 | D:15     | Found a staircase to the Depths.
 39492 | D:15     | Received a gift from Nemelex Xobeh
 39800 | D:15     | Identified the +10 short sword of Karma {flame, rC+} (You
                  | found it on level 15 of the Dungeon)
 40173 | Lair:2   | Killed tamionv's ghost
 40196 | Shoals:1 | Entered Level 1 of the Shoals
 40254 | Shoals:1 | Found Fumeah's Armour Shoppe.
 40267 | Shoals:1 | Reached skill level 3 in Dodging
 40269 | Shoals:1 | Noticed Frances
 40277 | Shoals:1 | Killed Frances
 40630 | Shoals:1 | Received a gift from Nemelex Xobeh
 40822 | Shoals:1 | Reached skill level 12 in Summonings
 41155 | Shoals:1 | Learned a level 6 spell: Invisibility
 41530 | Shoals:2 | Reached skill level 5 in Hexes
 41680 | Shoals:2 | Received a gift from Nemelex Xobeh
 41997 | Shoals:2 | Noticed Skallagrim's ghost (journeyman FeSu)
 41999 | Shoals:2 | Received a gift from Nemelex Xobeh
 42317 | Shoals:2 | Found a transporter.
 42320 | Shoals:2 | Found a transporter.
 42668 | Shoals:3 | Found a basalt altar of Yredelemnul.
 42797 | Shoals:3 | Received a gift from Nemelex Xobeh
 43032 | Shoals:3 | Found a hazy altar of Hepliaklqana.
 43076 | Shoals:3 | Received a gift from Nemelex Xobeh
 43228 | Shoals:3 | Noticed Louise
 43237 | Shoals:3 | Killed Louise
 43476 | Shoals:4 | Entered Level 4 of the Shoals
 43585 | Shoals:4 | Reached skill level 5 in Armour
 43657 | Shoals:4 | Reached XP level 18. HP: 147/153 MP: 31/31
 43781 | Shoals:4 | Received a gift from Nemelex Xobeh
 43822 | Shoals:4 | Reached skill level 4 in Dodging
 43822 | Shoals:4 | Reached skill level 6 in Hexes
 44151 | Shoals:4 | Received a gift from Nemelex Xobeh
 44414 | Shoals:4 | Paralysed by a floating eye for 2 turns
 44465 | Shoals:4 | Got a barnacled rune of Zot
 44701 | Shoals:4 | Upgraded the game from 0.23-a0-629-gae4348f6cf to
                  | 0.23-a0-635-g88ca12a7de
 45253 | Depths:1 | Entered Level 1 of the Depths
 45348 | Depths:1 | Reached skill level 10 in Spellcasting
 45417 | Depths:1 | Found Haxy's Armour Emporium.
 45473 | Depths:1 | Reached skill level 7 in Hexes
 45523 | Depths:1 | Found Cacu's Jewellery Shoppe.
 45543 | Depths:1 | Found a one-way gate to the infinite horrors of the Abyss.
 45579 | Depths:1 | Bought the ring "Hytuhog" {rF+ rN+ MR+} for 792 gold pieces
 45608 | Depths:1 | Reached skill level 13 in Summonings
 45665 | Depths:1 | Learned a level 6 spell: Shadow Creatures
 45671 | Depths:1 | Found a portal to a secret trove of treasure.
 45725 | Depths:1 | Found a gateway to Hell.
 45791 | Depths:1 | Paralysed by a great orb of eyes for 3 turns
 45813 | Depths:1 | You are sucked into a shaft!
 45831 | Depths:2 | Noticed a tentacled monstrosity
 45942 | Depths:1 | Received a gift from Nemelex Xobeh
 46111 | Depths:1 | Reached skill level 5 in Dodging
 46168 | Depths:1 | HP: 6/153 [fire giant/fireball (36)]
 46175 | Depths:1 | Killed from afar by a fire giant

Vanquished Creatures
  Rupert (Snake:1)
  A storm dragon (Shoals:4)
  Roxanne (D:15)
  2 nagarajas (Snake:4)
  A frost giant (Shoals:4)
  4 very ugly things (Depths:1)
  An ironheart preserver (D:13)
  A stone giant (Shoals:1)
  Nessos (Lair:6)
  A dire elephant (Snake:2)
  2 merfolk javelineers (Shoals:4)
  4 ettins
  5 merfolk impalers
  A great orb of eyes (Depths:1)
  2 yaktaur captains
  A fire dragon (D:15)
  A rakshasa (Depths:1)
  2 ice dragons
  7 naga warriors
  Erolcha (D:13)
  2 alligator snapping turtles
  2 hydras
  A merfolk avatar (Shoals:4)
  6 two-headed ogres
  A merfolk aquamancer (Shoals:4)
  6 centaur warriors
  5 anacondas
  The ghost of tamionv the Basher, a journeyman GrFi of Ashenzari (Lair:2)
  6 death yaks
  7 naga sharpshooters
  A shock serpent (Snake:4)
  A tengu warrior (D:15)
  3 orc high priests (Orc:2)
  Sonja (Lair:5)
  2 iron trolls (Depths:1)
  3 salamander mystics (Snake:4)
  16 sea snakes
  An unseen horror (shapeshifter) (Depths:2)
  3 naga ritualists
  A swamp dragon (shapeshifter) (Depths:1)
  3 unseen horrors
  2 deep trolls
  11 harpies
  An orc knight (Orc:2)
  An orb spider (Orc:2)
  2 deep elf magi
  7 mana vipers
  An orc sorcerer (Orc:2)
  7 ugly things
  A moth of wrath (Orc:2)
  9 manticores
  5 fauns
  7 salamanders
  9 cyclopes
  4 centaur zombies
  5 merfolk sirens
  An elephant (shapeshifter) (Depths:2)
  4 elephants
  16 naga magi
  19 black mambas
  3 water nymphs
  Psyche (D:9)
  6 guardian serpents
  7 centaur skeletons
  A gargoyle (D:15)
  16 spiny frogs
  3 torpor snails (Lair:1)
  A kobold demonologist (D:14)
  A rime drake (Lair:2)
  8 komodo dragons
  5 yaktaurs
  A freezing wraith (D:15)
  9 merfolk
  2 tengu conjurers
  6 meliai (D:15)
  12 trolls
  5 wind drakes
  3 polar bears
  2 hornets (D:15)
  21 blink frogs
  3 tyrant leeches (Lair:6)
  10 hippogriffs
  10 slime creatures
  3 dream sheep (Shoals:2)
  7 snapping turtles
  27 yaks
  2 shadows
  A tarantella (Snake:4)
  The ghost of Zazzi the Digger, an amateur GrEE (D:4)
  5 wyverns
  A spriggan (shapeshifter) (Gauntlet)
  3 wraiths
  5 water elementals
  2 basilisks (Lair:2)
  A golden eye (shapeshifter) (D:13)
  11 vampire mosquitoes
  A hungry ghost (D:12)
  A soldier ant (D:13)
  36 nagas
  2 wargs (Orc:2)
  An acid dragon (D:15)
  12 water moccasins
  A floating eye (Shoals:4)
  46 orc warriors
  A swamp drake (Snake:4)
  2 porcupines
  2 necrophages (D:11)
  7 sky beasts
  5 phantoms
  3 black bears
  5 ice beasts
  2 eyes of draining (D:12)
  7 boggarts (Depths:1)
  12 ogres
  17 centaurs
  A wolf (Lair:6)
  13 crocodiles
  8 big kobolds
  23 bullfrogs
  A gnoll sergeant (D:11)
  2 scorpions
  32 killer bees
  7 wights
  4 howler monkeys
  5 electric eels
  2 bullfrog zombies
  4 crimson imps
  8 jellies
  3 quasits (D:4)
  8 hounds
  27 orc priests
  3 bullfrog skeletons
  5 iguanas
  Natasha (thrice) (D:2)
  22 orc wizards
  18 worker ants
  A killer bee zombie (D:5)
  A hound zombie (D:8)
  A worker ant zombie (D:6)
  3 gnolls
  A howler monkey skeleton (D:5)
  19 adders
  6 shadow imps
  An ooze (Lair:5)
  2 adder skeletons
  4 worms
  2 dart slugs
  5 leopard geckos
  127 orcs
  A ball python (D:3)
  3 bats
  7 giant cockroaches
  7 goblins
  6 hobgoblins
  15 jackals
  17 kobolds
  8 quokkas
  4 frilled lizards
  7 rats
  A fungus (Lair:6)
  2 plants
1042 creatures vanquished.

Vanquished Creatures (collateral kills)
  Saint Roka (Orc:2)
  Frances (Shoals:1)
  Gastronok (Lair:3)
  4 nagarajas
  A frost giant (Shoals:1)
  Louise (Shoals:3)
  6 very ugly things (Depths:1)
  A minotaur (Gauntlet)
  An ettin (Orc:2)
  A death ooze (Gauntlet)
  Josephine (D:11)
  A rakshasa (Depths:1)
  4 anacondas
  5 hydras
  A catoblepas (Lair:5)
  5 naga warriors
  A death knight (D:15)
  A dancing weapon (Lair:2)
  2 two-headed ogres
  4 naga sharpshooters
  An orc high priest (Orc:2)
  4 death yaks
  2 deep troll shamans (Depths:1)
  A tengu warrior (D:13)
  A shock serpent (Snake:4)
  Nergalle (D:11)
  A salamander mystic (Snake:4)
  4 sea snakes (Snake:2)
  An iron troll (Depths:1)
  An unseen horror (D:13)
  A deep troll (Depths:1)
  4 naga ritualists
  2 harpies
  An orc knight (Orc:2)
  4 cyclopes (Shoals:1)
  A mana viper (Snake:1)
  6 fauns (Shoals:1)
  An orc sorcerer (Orc:2)
  6 ugly things
  2 salamanders (Snake:4)
  4 elephants (Lair:6)
  A water nymph (Shoals:2)
  A merfolk siren (Shoals:1)
  A guardian serpent (Snake:4)
  2 naga magi (Snake:4)
  7 black mambas
  10 spiny frogs (Lair:6)
  A gargoyle (D:10)
  3 rime drakes
  3 komodo dragons
  2 freezing wraiths (D:15)
  2 merfolk
  A troll (D:10)
  A troll (shapeshifter) (Depths:2)
  A queen bee (Lair:2)
  A wind drake (Snake:2)
  A tyrant leech (Lair:6)
  7 blink frogs
  5 hippogriffs
  A water elemental (Shoals:4)
  2 basilisks
  14 yaks
  A human (Snake:4)
  2 wraiths
  A steam dragon (D:10)
  2 vampire mosquitoes (Lair:6)
  15 nagas
  2 wargs (Orc:2)
  A swamp worm (Snake:4)
  4 water moccasins
  10 orc warriors
  An ice beast (D:6)
  A sky beast (D:15)
  A black bear (D:11)
  An eye of draining (D:11)
  2 ogres
  2 wolves (Lair:6)
  A boggart (Depths:1)
  3 crocodiles (Lair:6)
  2 centaurs (Bailey)
  A big kobold (D:13)
  6 bullfrogs
  A scorpion (D:11)
  8 killer bees (Lair:2)
  An electric eel (Snake:2)
  A howler monkey (D:7)
  2 jellies
  An orc priest (Orc:2)
  2 orc wizards
  A worker ant (D:9)
  An adder (D:6)
  An ooze (Lair:5)
  An adder zombie (D:6)
  A leopard gecko (D:11)
  9 orcs
  3 goblins (D:10)
  3 kobolds (D:13)
  A fungus (Lair:6)
  A plant (Shoals:1)
256 creatures vanquished.

Vanquished Creatures (others)
  A stone giant (Depths:1)
  2 spark wasps (Shoals:4)
  2 yaktaur captains (Depths:1)
  A centaur warrior (Depths:1)
  An alligator (Shoals:4)
  2 naga ritualists (Snake:4)
  A wizard (D:9)
  A manticore (Shoals:4)
  A troll (Snake:4)
  A tyrant leech (Shoals:4)
  A slime creature (Snake:4)
  A yak (Lair:5)
  An orc warrior (D:11)
  3 ogres (D:11)
  5 centaurs
  2 gnoll sergeants (D:11)
  2 orc priests
  2 orc wizards
  2 gnolls (D:11)
  3 ball lightnings
  5 orcs (D:11)
  27 fungi
  138 plants
205 creatures vanquished.

Grand Total: 1503 creatures vanquished

Table legend:
 A = Turns spent in this place as a percentage of turns spent in the entire game.
 B = Non-inter-level travel turns spent in this place as a percentage of non-inter-level travel turns spent in the entire game.
 C = Inter-level travel turns spent in this place as a percentage of turns spent in this place.
 D = Turns resting spent in this place as a percentage of non-inter-level travel turns spent in this place.
 E = Turns spent auto-exploring this place as a percentage of non-inter-level travel turns spent in this place.
 F = Non-inter-level travel turns spent in this place divided by the number of levels of this place that you've seen.
                   A       B       C       D       E      F
               +-------+-------+-------+-------+-------+----------------------
         Total | 100.0 | 100.0 |   6.6 |  20.0 |  51.6 | 1197.7
       Dungeon |  41.1 |  39.6 |  10.0 |  17.4 |  56.5 | 1139.2
        Temple |   0.5 |   0.5 |  13.7 |   0.0 |  96.3 | 214.0
          Lair |  19.0 |  19.0 |   6.5 |  20.9 |  52.1 | 1363.8
        Shoals |  10.0 |  10.2 |   5.0 |  14.3 |  61.2 | 1097.5
     Snake Pit |  15.3 |  16.0 |   2.8 |  28.9 |  42.3 | 1720.5
  Orcish Mines |   7.0 |   7.2 |   3.8 |  15.7 |  47.9 | 1561.0
        Depths |   2.0 |   2.1 |   0.0 |  12.0 |  40.3 | 461.0
        Bailey |   3.9 |   4.2 |   0.0 |  37.1 |  34.1 | 1794.0
      Gauntlet |   1.1 |   1.2 |   0.0 |  16.7 |   7.5 | 521.0
               +-------+-------+-------+-------+-------+----------------------

Table legend:
 A = Non-vault XP
 B = Vault XP
 C = Vault XP percentage of total XP
 D = Non-vault monster count
 E = Vault monster count
 F = Vault count percentage of total count
                 A         B        C        D         E       F
            +---------+---------+-------+---------+---------+-------
      Total |  198270 |  137008 |  40.9 |     816 |     512 |  38.6
            +---------+---------+-------+---------+---------+-------
        D:1 |      28 |       6 |  17.6 |      17 |       2 |  10.5
        D:2 |     123 |      35 |  22.2 |      19 |       1 |   5.0
        D:3 |     109 |       0 |   0.0 |      27 |       0 |   0.0
        D:4 |     331 |     361 |  52.2 |      19 |       5 |  20.8
        D:5 |     645 |     110 |  14.6 |      17 |       1 |   5.6
        D:6 |    1282 |       0 |   0.0 |      36 |       0 |   0.0
        D:7 |     467 |       0 |   0.0 |      18 |       0 |   0.0
        D:8 |    2136 |     133 |   5.9 |      26 |       1 |   3.7
        D:9 |    2843 |     434 |  13.2 |      22 |       1 |   4.3
       D:10 |    4020 |       5 |   0.1 |      35 |       4 |  10.3
       D:11 |    2740 |    2974 |  52.0 |      29 |      25 |  46.3
       D:12 |    6808 |       0 |   0.0 |      54 |       0 |   0.0
       D:13 |    8441 |    6709 |  44.3 |      41 |      16 |  28.1
       D:14 |    8126 |     168 |   2.0 |      33 |       2 |   5.7
       D:15 |   15079 |    4920 |  24.6 |      51 |       6 |  10.5
     Lair:1 |    1727 |    1141 |  39.8 |       6 |       3 |  33.3
     Lair:2 |    4423 |    7448 |  62.7 |      20 |      49 |  71.0
     Lair:3 |    3769 |    1341 |  26.2 |      11 |       2 |  15.4
     Lair:4 |    3516 |       0 |   0.0 |      13 |       0 |   0.0
     Lair:5 |    4843 |     773 |  13.8 |      20 |       6 |  23.1
     Lair:6 |   12480 |   12186 |  49.4 |      52 |      51 |  49.5
   Shoals:1 |    8774 |    6283 |  41.7 |      22 |       9 |  29.0
   Shoals:2 |   11587 |       0 |   0.0 |      23 |       0 |   0.0
   Shoals:3 |    5464 |     963 |  15.0 |      11 |       1 |   8.3
   Shoals:4 |    7223 |   21832 |  75.1 |      15 |      34 |  69.4
    Snake:1 |   10478 |    1591 |  13.2 |      27 |       1 |   3.6
    Snake:2 |   20258 |    8780 |  30.2 |      44 |      29 |  39.7
    Snake:3 |   11189 |       0 |   0.0 |      24 |       0 |   0.0
    Snake:4 |    7257 |   32096 |  81.6 |      15 |      67 |  81.7
      Orc:1 |    1527 |       0 |   0.0 |      22 |       0 |   0.0
      Orc:2 |       0 |   21969 | 100.0 |       0 |     151 | 100.0
   Depths:1 |   29671 |       0 |   0.0 |      45 |       0 |   0.0
   Depths:2 |     906 |    1361 |  60.0 |       2 |       2 |  50.0
     Bailey |       0 |    1814 | 100.0 |       0 |      39 | 100.0
   Gauntlet |       0 |    1575 | 100.0 |       0 |       4 | 100.0
            +---------+---------+-------+---------+---------+-------
